Map: [ESL] Hardwire

Players

Serral

  • Race: Zerg Zerg

Reynor - Winner!

  • Race: Zerg Zerg

Event: IEM Katowice 2022

VOD

https://youtu.be/NyVAU7IGd-4

Description

Time

  • Played on: Feb. 27, 2022, 7:18 a.m.
  • Length: 12:22

All games in this series

Show
View Real Time Build Order
Export as new Build Order

Serral Zerg 

Build Orders: Hatch First 

Get SALT Encoding   

  12  0:00  Drone  
  13  0:11  Overlord  
  13  0:16  Drone  
  14  0:30  Drone x2  
  16  0:46  Hatchery  
  16  0:49  Drone  
  16  0:53  Drone  
  16  0:56  Drone  
  18  1:08  Extractor  
  17  1:12  Spawning Pool  
  17  1:14  Drone  
  17  1:18  Drone  
  18  1:27  Drone  
  19  1:37  Drone  
  20  1:48  Drone  
  21  1:58  Queen x2  
  21  1:59  Zergling x2  
  21  2:00  Overlord  
  26  2:08  Metabolic Boost  
  26  2:09  Drone  
  26  2:10  Drone  
  28  2:21  Drone x2  
  30  2:31  Zergling x2  
  30  2:32  Zergling x2  
  30  2:36  Hatchery  
  31  2:42  Drone  
  32  2:45  Baneling Nest  
  32  2:48  Overlord  
  31  2:53  Drone  
  31  2:54  Drone  
  33  3:02  Drone  
  33  3:03  Drone  
  35  3:06  Zergling x6  
  35  3:08  Zergling x4  
  40  3:15  Zergling x2  
  40  3:16  Overlord  
  41  3:20  Drone  
  41  3:25  Queen  
  44  3:28  Baneling x2  
  44  3:36  Zergling x2  
  44  3:37  Drone x2  
  47  3:42  Drone x2  
  47  3:43  Drone  
  47  3:44  Evolution Chamber  
  48  3:51  Overlord, Zergling x2  
  47  3:57  Drone x3  
  49  4:04  Zergling x4  
  49  4:06  Drone  
  51  4:11  Zerg Missile Weapons Level 1, Baneling x2  
  51  4:15  Overlord  
  51  4:16  Drone  
  52  4:18  Drone, Extractor  
  52  4:19  Roach Warren  
  52  4:20  Drone  
  52  4:24  Zergling x4  
  52  4:25  Drone  
  52  4:27  Drone  
  52  4:31  Drone  
  57  4:34  Overlord  
  57  4:35  Extractor  
  57  4:38  Drone  
  57  4:41  Overlord  
  57  4:45  Drone  
  58  4:46  Drone  
  58  4:49  Drone  
  58  4:50  Drone, Overlord  
  61  4:58  Roach x2  
  61  4:59  Roach x2  
  68  5:01  Lair  
  68  5:03  Drone  
  71  5:07  Roach  
  71  5:09  Drone x3  
  71  5:12  Drone  
  75  5:18  Overlord  
  75  5:22  Drone x5  
  75  5:25  Drone x3  
  80  5:30  Baneling x2  
  80  5:32  Overlord, Roach  
  82  5:38  Overlord  
  82  5:42  Roach  
  84  5:44  Drone x3  
  84  5:46  Extractor  
  84  5:47  Extractor  
  85  5:50  Drone x6  
  85  5:56  Overlord  
  91  5:58  Drone x3  
  91  6:03  Overlord, Extractor  
  92  6:04  Overseer  
  92  6:07  Zerg Missile Weapons Level 2  
  92  6:08  Roach x2  
  96  6:16  Drone, Overlord  
  96  6:17  Roach x2, Spire  
  100  6:23  Glial Reconstitution  
  100  6:28  Overlord  
  100  6:29  Hatchery  
  99  6:33  Roach  
  99  6:34  Roach x2  
  99  6:37  Roach x2  
  108  6:42  Roach x3  
  114  6:53  Roach x5  
  124  6:56  Overlord x2  
  124  6:57  Overlord  
  124  7:01  Roach x2  
  128  7:04  Overlord  
  128  7:11  Roach x3  
  128  7:12  Roach  
  136  7:23  Drone x3  
  136  7:24  Drone  
  136  7:25  Drone  
  136  7:29  Corruptor x4  
  149  7:33  Corruptor  
  149  7:34  Corruptor  
  151  7:38  Spore Crawler  
  151  7:40  Spore Crawler  
  151  7:41  Corruptor  
  149  7:44  Overlord  
  149  7:45  Overlord  
  149  7:49  Drone x2  
  149  7:50  Ravager  
  149  7:51  Ravager x2  
  153  7:59  Drone x3  
  153  8:00  Drone  
  153  8:02  Corruptor x2  
  159  8:18  Corruptor x2  
  161  8:22  Drone x3  
  161  8:23  Overlord x2, Extractor  
  163  8:27  Spore Crawler  
  163  8:28  Corruptor x2  
  163  8:31  Spore Crawler  
  165  8:36  Corruptor  
  165  8:38  Overlord x2  
  165  8:39  Overlord  
  167  8:44  Corruptor x2  
  171  8:58  Corruptor x2  
  175  9:03  Extractor  
  172  9:10  Corruptor x2  
  172  9:13  Drone x2  
  172  9:14  Drone  
  172  9:16  Drone x2  
  166  9:25  Drone x6  
  166  9:27  Corruptor  
  166  9:28  Corruptor x2  
  177  9:33  Corruptor  
  177  9:37  Corruptor  
  181  9:40  Zergling x10  
  186  9:47  Corruptor x2  
  186  9:52  Queen  
  192  9:54  Zerg Flyer Armor Level 1  
  185  10:01  Corruptor x2  
  184  10:17  Corruptor x2  
  184  10:20  Roach x5  
  184  10:21  Roach x5  
  179  10:32  Corruptor  
  179  10:33  Corruptor  
  167  10:44  Corruptor x2  
  169  10:50  Zergling x18  
  172  11:04  Corruptor x4  
  171  11:14  Corruptor x2  
  136  11:26  Corruptor x2  
  131  11:39  Corruptor x2  
  130  11:44  Drone x4  
  136  11:47  Corruptor  
  132  12:04  Evolution Chamber  
Show
View Real Time Build Order
Export as new Build Order

Reynor Zerg - Winner!

Build Orders: Hatch First 

Get SALT Encoding   

  12  0:00  Drone  
  13  0:11  Overlord  
  13  0:16  Drone  
  14  0:30  Drone x2  
  16  0:48  Hatchery  
  15  0:50  Drone  
  15  0:54  Drone  
  17  0:57  Drone  
  18  1:08  Extractor  
  17  1:12  Spawning Pool  
  17  1:15  Drone  
  17  1:19  Drone  
  18  1:27  Drone  
  19  1:38  Drone  
  20  1:48  Drone  
  21  1:59  Overlord, Queen  
  21  2:00  Queen, Zergling x2  
  26  2:07  Metabolic Boost  
  26  2:11  Drone x2  
  28  2:20  Drone  
  28  2:21  Drone  
  30  2:32  Zergling x2  
  30  2:35  Hatchery  
  30  2:37  Drone  
  30  2:42  Drone  
  32  2:46  Baneling Nest  
  32  2:48  Drone  
  32  2:55  Overlord  
  32  2:56  Drone  
  33  3:05  Zergling x2  
  34  3:07  Drone x2  
  36  3:14  Overlord  
  36  3:15  Drone x4  
  36  3:18  Zergling x2  
  41  3:21  Evolution Chamber  
  41  3:23  Drone  
  41  3:30  Baneling x3  
  41  3:31  Queen  
  41  3:34  Baneling  
  43  3:35  Zergling x4  
  43  3:41  Zergling x4  
  46  3:44  Overlord  
  46  3:45  Drone  
  46  3:47  Drone  
  47  3:51  Drone x2  
  47  3:55  Drone x2  
  50  3:57  Overlord  
  50  4:00  Drone  
  51  4:03  Drone x2  
  51  4:09  Overlord  
  52  4:12  Zerg Missile Weapons Level 1  
  52  4:14  Drone x2  
  54  4:19  Roach Warren  
  54  4:20  Drone x2  
  55  4:25  Drone, Extractor  
  55  4:26  Extractor  
  55  4:28  Spine Crawler  
  55  4:30  Drone  
  54  4:31  Drone  
  54  4:33  Drone  
  56  4:41  Lair, Overlord  
  56  4:43  Drone x2  
  56  4:44  Drone x2  
  59  4:47  Overlord  
  59  4:53  Drone x2  
  59  4:54  Overlord  
  61  5:02  Drone x4  
  61  5:03  Overlord  
  61  5:05  Drone  
  61  5:06  Drone  
  66  5:10  Drone  
  66  5:12  Roach x3  
  73  5:16  Roach x2  
  73  5:21  Drone  
  78  5:22  Extractor  
  78  5:25  Roach x3  
  78  5:26  Drone  
  78  5:28  Roach, Extractor  
  84  5:29  Extractor  
  84  5:34  Roach  
  85  5:37  Overlord  
  85  5:38  Drone  
  85  5:40  Drone x3  
  85  5:42  Drone  
  90  5:45  Spire  
  89  5:53  Drone x2  
  89  5:54  Drone  
  89  5:55  Overlord  
  89  5:56  Drone  
  93  6:00  Drone  
  93  6:01  Drone  
  93  6:03  Glial Reconstitution  
  93  6:04  Drone  
  93  6:05  Drone  
  95  6:12  Overseer  
  95  6:19  Hatchery  
  95  6:23  Zerg Missile Weapons Level 2  
  94  6:27  Overlord  
  94  6:39  Overlord  
  94  6:40  Roach x4  
  94  6:41  Roach  
  94  6:43  Overlord  
  104  6:52  Overlord  
  104  6:55  Drone x8  
  104  7:00  Mutalisk x5  
  122  7:01  Mutalisk  
  122  7:04  Queen  
  122  7:05  Overlord  
  126  7:15  Mutalisk x2  
  129  7:17  Queen, Overlord  
  129  7:21  Drone x4  
  129  7:22  Queen  
  137  7:23  Extractor  
  137  7:24  Mutalisk, Overlord  
  137  7:25  Extractor  
  137  7:33  Mutalisk x2  
  137  7:36  Overlord  
  141  7:46  Mutalisk x2  
  141  7:49  Overlord  
  145  7:51  Spore Crawler  
  145  7:52  Zergling x8  
  145  7:53  Zergling x10  
  153  8:01  Mutalisk x3  
  153  8:02  Queen  
  153  8:05  Overlord  
  161  8:06  Spore Crawler  
  161  8:08  Mutalisk  
  160  8:17  Mutalisk x2  
  160  8:19  Drone x5  
  167  8:23  Mutalisk x2  
  171  8:30  Spore Crawler  
  171  8:32  Mutalisk x2  
  174  8:35  Hatchery  
  174  8:36  Drone x2  
  174  8:38  Mutalisk  
  177  8:41  Drone x2  
  177  8:43  Mutalisk, Spore Crawler  
  177  8:46  Mutalisk  
  182  8:52  Mutalisk  
  184  8:59  Mutalisk x2  
  188  9:09  Mutalisk x2  
  180  9:16  Overlord  
  165  9:25  Mutalisk x2  
  165  9:26  Mutalisk  
  165  9:28  Zergling x26  
  178  9:32  Zerg Flyer Weapons Level 1  
  178  9:35  Mutalisk  
  178  9:38  Drone x4  
  183  9:40  Spine Crawler  
  183  9:41  Mutalisk x2, Spine Crawler  
  183  9:43  Extractor  
  183  9:44  Extractor  
  184  9:46  Mutalisk  
  184  9:50  Mutalisk  
  188  9:59  Mutalisk  
  188  10:00  Mutalisk  
  188  10:04  Mutalisk  
  194  10:13  Mutalisk  
  194  10:14  Mutalisk  
  184  10:19  Zergling x18  
  180  10:25  Mutalisk x2  
  180  10:28  Zergling x20  
  173  10:30  Overlord  
  173  10:33  Mutalisk x2  
  161  10:37  Mutalisk  
  155  10:43  Mutalisk  
  155  10:46  Zergling x22  
  167  10:50  Mutalisk x2  
  167  10:56  Mutalisk x2  
  175  11:02  Mutalisk  
  167  11:07  Spore Crawler  
  167  11:08  Spore Crawler  
  167  11:09  Spine Crawler  
  167  11:10  Mutalisk x3, Spine Crawler  
  156  11:13  Zergling x12  
  156  11:14  Zergling x2  
  156  11:15  Mutalisk  
  156  11:17  Zergling x8  
  162  11:20  Queen  
  162  11:21  Zergling x8  
  162  11:22  Zergling x2  
  159  11:26  Mutalisk x3  
  159  11:28  Zergling x10  
  164  11:33  Queen  
  164  11:37  Mutalisk x2  
  163  11:43  Zergling x8  
  163  11:45  Mutalisk  
  163  11:46  Mutalisk x2  

Tags
 
Add a new tag
Caveats
  • Supply blocks, unpowered buildings, or Contaminate may cause inaccurate times.
  • Supply counts are checked every 10 seconds.